 Dungeon Crawl Stone Soup version 0.27-a0-1202-ge72e49191c (webtiles) character file.

Game seed: 9374496418900791347

1107 Pooter the Cleaver (level 8, -3/106 HPs)
             Began as a Minotaur Berserker on June 4, 2021.
             Was a Priest of Trog.
             Slain by an ogre
             ... wielding a +0 giant club
              (17 damage)
             ... on level 6 of the Dungeon.
             The game lasted 00:24:53 (5413 turns).

Pooter the Cleaver (Minotaur Berserker)             Turns: 5413, Time: 00:24:53

Health: -3/106     AC:  8    Str: 24    XL:     8   Next: 11%
Magic:  7/7        EV:  8    Int:  4    God:    Trog [***...]
Gold:   272        SH:  0    Dex: 10    Spells: 7/7 levels left

rFire    . . .     SeeInvis .   a - +6 war axe (venom)
rCold    . . .     Faith    .   (no shield)
rNeg     . . .     Spirit   .   l - +0 chain mail
rPois    .         Reflect  .   (helmet restricted)
rElec    .         Harm     .   (no cloak)
rCorr    +         Rampage  .   (no gloves)
Will     .....                  (no boots)
Stlth    ..........             (no amulet)
HPRegen  0.27/turn              C - ring of resist corrosion
MPRegen  0.10/turn              (no ring)

@: berserking, very quick
A: horns 2, retaliatory headbutt
a: Renounce Religion, Berserk, Trog's Hand


You were on level 6 of the Dungeon.
You worshipped Trog.
Trog was most pleased with you.
You visited 1 branch of the dungeon, and saw 6 of its levels.

You collected 272 gold pieces.

Inventory:

Hand Weapons
 a - a +6 war axe of venom (weapon)
   (You acquired it on level 3 of the Dungeon)
 b - a +1 hunting sling of flaming
   (You found it on level 2 of the Dungeon)
Missiles
 e - 15 boomerangs (quivered)
 r - 6 poisoned darts
 Q - 122 stones
Armour
 l - a +0 chain mail (worn)
   (You found it on level 2 of the Dungeon)
Jewellery
 p - a ring of magical power
   (You found it on level 5 of the Dungeon)
 s - an amulet of faith {!P}
   (You found it on level 5 of the Dungeon)
 C - a ring of resist corrosion (left hand)
   (You found it on level 2 of the Dungeon)
Wands
 u - a wand of paralysis (10)
   (You found it on level 2 of the Dungeon)
 v - a wand of mindburst (9)
   (You found it on level 6 of the Dungeon)
Scrolls
 d - a scroll of enchant armour {unknown}
 h - 3 scrolls of blinking
 o - a scroll of immolation {unknown}
 t - 2 scrolls of teleportation {@r4}
Potions
 c - a potion of curing {unknown}
 f - a potion of might {unknown}
 g - 4 potions of attraction {!q}
 i - a potion of haste {unknown}
 j - a potion of invisibility {unknown}
 k - a potion of degeneration {unknown}
 m - a potion of magic {unknown}
 n - a potion of brilliance {unknown}
 q - a potion of heal wounds {unknown}


   Skills:
 + Level 6.3 Fighting
 * Level 8.3 Axes
 - Level 2.4 Armour
 - Level 2.1 Dodging
 + Level 3.8 Stealth
 + Level 3.1 Evocations


You had 7 spell levels left.
You didn't know any spells.
Your spell library was empty.

Dungeon Overview and Level Annotations

Branches:
Dungeon (6/15)             Temple (0/1) D:4

Altars:
Ashenzari
Gozag
Hepliaklqana
Okawaru
Qazlal
Zin


Innate Abilities, Weirdness & Mutations

You have a pair of horns on your head.
You reflexively headbutt those who attack you in melee.


Message History

The adder hisses angrily.
You barely miss the adder. Your headbutt misses the adder.
The adder bites you but does no damage.
You slash the adder!
The adder is poisoned.
The adder barely misses you. The adder bites you but does no damage.
You hit the adder.
You kill the adder!
Trog accepts your kill.
Your +6 war axe of venom stops dripping with poison.
Your +1 hunting sling of flaming bursts into flame!
b - a +1 hunting sling of flaming (weapon)
Found a fluorescent wand.
v - a wand of mindburst (9)
Okay, then.
An ogre and a shadow imp come into view.
The ogre shouts!
The shadow imp shouts, "Taste defeat, thou erky bat-fowling brisket!"
Really attack while wielding your +1 hunting sling of flaming? [Y]es or [N]o only, please.
Really attack while wielding your +1 hunting sling of flaming?
Okay, then.
Unknown command.
Your +1 hunting sling of flaming stops flaming.
Your +6 war axe of venom begins to drip with poison!
a - a +6 war axe of venom (weapon)
The shadow imp hits you but does no damage.
You hit the shadow imp. Your headbutt misses the shadow imp.
The shadow imp hits you but does no damage.
You barely miss the shadow imp. Your headbutt misses the shadow imp.
The shadow imp shouts, "Fly, thou droning pigeon-egg horn-beast!"
The shadow imp hits you.
You hit the shadow imp.
You headbutt the shadow imp, but do no damage.
The shadow imp closely misses you.
You closely miss the shadow imp. You headbutt the shadow imp.
You kill the shadow imp!
Trog accepts your kill.
You barely miss the ogre. You headbutt the ogre!
The ogre hits you with a +0 giant club!!
You slash the ogre!
The ogre hits you with a +0 giant club!!
* * * LOW HITPOINT WARNING * * *
You barely miss the ogre. Your headbutt misses the ogre.
The ogre hits you with a +0 giant club!
* * * LOW HITPOINT WARNING * * *
Unknown command.
A red film seems to cover your vision as you go berserk!
You feel yourself moving faster!
You feel mighty! The ogre hits you with a +0 giant club!
You die...

#..### ##
#....# ..
#.##.# #.
#.##.# #.
#.##.#
#####.
#.##.# .....
#.##.#
#..####.##.#
#...O@..##.#
##.#######.#
#.. ##.##
#.# #...# #.
#.#.# ..
#...# ..
##.## #. #.#
#.#


You could see an ogre.

Vanquished Creatures
  3 ogres (D:5)
  A centaur (D:5)
  A phantom (D:6)
  2 scorpions
  A wyvern skeleton (D:5)
  A water moccasin skeleton (D:4)
  3 hounds (D:5)
  2 orc priests
  An iguana (D:5)
  2 jellies (D:5)
  A bullfrog skeleton (D:5)
  An orc wizard (D:2)
  A killer bee zombie (D:5)
  4 adders
  A shadow imp (D:6)
  A white imp (D:5)
  An ufetubus (D:5)
  2 adder skeletons
  2 worms (D:2)
  2 dart slugs (D:3)
  19 orcs
  4 bats
  7 endoplasms
  6 giant cockroaches
  6 goblins
  2 hobgoblins
  2 jackals (D:2)
  6 kobolds
  4 quokkas
  8 ball pythons
  3 frilled lizards
  7 rats
107 creatures vanquished.

Notes
Turn   | Place    | Note
-------+----------+-------------------------------------------
     0 | D:1      | Pooter the Minotaur Berserker began the quest for the Orb.
     0 | D:1      | Reached XP level 1. HP: 19/19 MP: 0/0
   255 | D:1      | Reached skill level 4 in Axes
   255 | D:1      | Reached XP level 2. HP: 27/27 MP: 1/1
   388 | D:1      | Found a faded altar of an unknown god.
  1336 | D:2      | Found a broken altar of Ashenzari.
  1392 | D:2      | Reached skill level 1 in Stealth
  1392 | D:2      | Reached XP level 3. HP: 33/33 MP: 2/2
  1622 | D:2      | Reached ** piety under Trog
  1632 | D:2      | Noticed a scorpion
  1637 | D:2      | Killed a scorpion
  1638 | D:2      | Reached skill level 5 in Axes
  1638 | D:2      | Reached XP level 4. HP: 14/41 MP: 3/3
  2445 | D:2      | Reached XP level 5. HP: 47/47 MP: 4/4
  2769 | D:3      | Identified a scroll of acquirement
  2770 | D:3      | Acquired a +6 war axe of venom
  2862 | D:3      | Reached skill level 1 in Evocations
  3501 | D:4      | Found a hazy altar of Hepliaklqana.
  3571 | D:4      | Reached skill level 6 in Axes
  3698 | D:4      | Found an iron altar of Okawaru.
  3733 | D:4      | Reached XP level 6. HP: 55/55 MP: 5/5
  3744 | D:4      | Found a stormy altar of Qazlal.
  3863 | D:4      | Reached skill level 5 in Fighting
  3897 | D:4      | Found a staircase to the Ecumenical Temple.
  4034 | D:4      | Found an opulent altar of Gozag.
  4034 | D:4      | Found a glowing silver altar of Zin.
  4414 | D:5      | Entered Level 5 of the Dungeon
  4459 | D:5      | Reached skill level 7 in Axes
  4459 | D:5      | Reached XP level 7. HP: 58/61 MP: 6/6
  4957 | D:5      | Reached skill level 8 in Axes
  5058 | D:5      | Reached *** piety under Trog
  5073 | D:5      | Reached XP level 8. HP: 70/70 MP: 7/7
  5413 | D:6      | Slain by an ogre

Illustrated notes

Levels and vault maps discovered:
D:1:      lemuel_arrival_hallway, layout_basic, basic_ecumenical_altar,
          minmay_crystal_room, minmay_tromino_i2
D:2:      layout_basic, basic_altar, minmay_strange_pillars,
          kennysheep_another_room, minmay_randomly_rotated_circles
D:3:      layout_loops_ring
D:4:      layout_basic, grunt_temple_overflow_gold_and_silver,
          lemuel_doored_altar, grunt_qazlal_clouds,
          nicolae_overflow_hidden_temple, minmay_temple_entry_junction
D:5:      layout_loops_cross
D:6:      layout_loops_ring, kennysheep_mini_moat,
          nicolae_ru_the_path_less_chosen, uniq_grinder

Skill      XL: |  1  2  3  4  5  6  7  8 |
---------------+-------------------------+-----
Axes           | 4 5 6 7 8 |  8.3
Fighting       | 4 5 6 |  6.3
Stealth        | 1 2 3 |  3.8
Evocations     | 1 2 3 |  3.1
Armour         | |  2.4
Dodging        | |  2.1

Action                   |  1- 3 |  4- 6 |  7- 9 || total
-------------------------+-------+-------+-------++-------
Melee: Hand axe          |    63 |    35 |       ||    98
       Headbutt          |     6 |     5 |     8 ||    19
       War axe           |       |    41 |    48 ||    89
 Fire: Hunting sling     |       |    60 |     9 ||    69
Throw: Stone             |    33 |       |       ||    33
       Boomerang         |       |    10 |     4 ||    14
Invok: Berserk           |     4 |     3 |     1 ||     8
       Trog's Hand       |       |     4 |       ||     4
  Use: Scroll            |       |     5 |     1 ||     6
Armor: Animal skin       |     9 |       |       ||     9
       Ring mail         |     8 |       |       ||     8
       Chain mail        |       |    32 |    29 ||    61
Dodge: Dodged            |    39 |    30 |    18 ||    87

Table legend: (Time is in decaauts)
 A = Elapsed time spent in this place.
 B = Non-inter-level travel time spent in this place.
 C = Inter-level travel time spent in this place.
 D = Time resting spent in this place.
 E = Time spent auto-exploring this place.
 F = Levels seen in this place.
 G = Mean time per level.
                   A        B        C        D        E       F      G
               +--------+--------+--------+--------+--------+-----+--------+
         Total |   5493 |   5341 |    152 |   1170 |   3327 |   6 |  915.5 |
       Dungeon |   5493 |   5341 |    152 |   1170 |   3327 |   6 |  915.5 |
               +--------+--------+--------+--------+--------+-----+--------+

Top non-repeatable levels by time:
     D:1: 1357 daAuts
     D:2: 1259 daAuts
     D:4: 1047 daAuts
     D:5: 881 daAuts
     D:3: 826 daAuts
     D:6: 121 daAuts
